Map: Thunderbird LE

Players

Woah

  • Race: Terran Terran
  • League: Diamond
  • Spawn Location: 11:00

Défqon - Winner!

  • Race: Protoss Protoss
  • League: Diamond
  • Spawn Location: 5:00

VOD

Have the link to the VOD?

Description

Time

  • Played on: June 14, 2019, 5:13 p.m.
  • Length: 9:16
Show
View Real Time Build Order
Export as new Build Order

Woah Terran 

Build Orders: Reaper Expand 

Get SALT Encoding   

  12  0:01  SCV  
  13  0:13  SCV  
  14  0:17  Supply Depot  
  14  0:25  SCV  
  15  0:39  Barracks  
  15  0:41  SCV  
  16  0:45  Refinery  
  16  0:53  SCV  
  17  1:05  SCV  
  18  1:17  SCV  
  19  1:29  Orbital Command  
  19  1:30  Reaper  
  20  1:48  Command Center  
  20  2:01  Supply Depot  
  20  2:02  SCV, Marine  
  22  2:12  Factory  
  22  2:15  SCV  
  23  2:24  Barracks Reactor  
  23  2:26  Refinery  
  23  2:33  Barracks  
  23  2:45  SCV  
  24  3:01  Starport  
  24  3:02  Marine x2  
  26  3:12  SCV  
  26  3:17  Factory Reactor  
  26  3:18  Orbital Command  
  26  3:21  Marine  
  26  3:22  Barracks Tech Lab, Marine  
  26  3:25  Orbital Command, Supply Depot  
  28  3:32  Supply Depot  
  28  3:39  Marine  
  28  3:40  SCV  
  30  3:52  SCV  
  30  3:53  Stimpack  
  31  4:00  SCV  
  32  4:04  SCV  
  33  4:10  Marine  
  33  4:11  Starport Tech Lab  
  33  4:13  SCV  
  33  4:14  Refinery  
  33  4:16  Marauder  
  37  4:17  SCV  
  37  4:21  Marine  
  39  4:25  SCV  
  39  4:29  SCV  
  41  4:34  Raven  
  43  4:41  Barracks  
  43  4:45  SCV  
  44  4:46  Marauder, Marine x2  
  44  4:49  SCV  
  44  4:52  Bunker  
  49  4:54  Widow Mine  
  49  4:56  Engineering Bay  
  51  5:04  Marine  
  52  5:10  Supply Depot x2  
  52  5:17  Factory Reactor  
  52  5:26  Marauder, Marine  
  55  5:34  Barracks  
  55  5:36  SCV  
  55  5:41  SCV  
  55  5:42  Terran Infantry Weapons Level 1  
  57  5:44  Marine x2  
  57  5:47  Marauder  
  57  5:49  Liberator, Supply Depot  
  61  5:53  SCV  
  61  5:54  SCV  
  63  6:05  Medivac  
  63  6:09  Combat Shield  
  67  6:23  Marauder x2  
  67  6:24  Factory Tech Lab  
  67  6:25  SCV  
  72  6:26  SCV  
  72  6:30  Supply Depot  
  73  6:39  SCV, Medivac  
  76  6:42  Supply Depot  
  65  7:04  Marauder x2, Marine x2  
  65  7:05  Siege Tank  
  65  7:06  SCV  
  75  7:12  Supply Depot  
  63  7:25  Marauder  
  58  7:35  Marine  
  59  7:39  Command Center  
  59  7:48  Marauder, Marine  
  47  8:08  Marine x2  
  47  8:09  Marauder, Marine x2  
  47  8:10  Marauder  
  49  8:17  Bunker  
  44  8:26  Marine  
  45  8:30  Marauder  
  45  8:31  Marauder  
  45  8:33  Siege Tank  
  54  8:42  Medivac  
  52  9:00  SCV  
  50  9:13  Bunker  
Show
View Real Time Build Order
Export as new Build Order

Défqon Protoss - Winner!

Build Orders: 1 Gate Expand 

Get SALT Encoding   

  1  0:00  Probe  
  12  0:05  Probe  
  14  0:20  Pylon  
  14  0:24  Probe  
  15  0:38  Probe  
  16  0:45  Gateway  
  16  0:50  Probe  
  17  1:02  Probe  
  18  1:14  Probe  
  19  1:22  Nexus, Probe  
  20  1:43  Pylon  
  20  1:56  Assimilator  
  20  1:59  Cybernetics Core  
  20  2:00  Gateway  
  20  2:08  Probe, Pylon  
  20  2:11  Assimilator  
  21  2:16  Probe  
  22  2:25  Probe  
  23  2:30  Stalker  
  25  2:58  Stalker  
  27  3:12  Probe  
  27  3:13  Warp Gate  
  27  3:14  Stalker  
  27  3:15  Probe  
  31  3:27  Probe  
  31  3:32  Twilight Council  
  32  3:34  Gateway  
  32  3:36  Gateway  
  32  3:38  Gateway  
  32  3:41  Gateway  
  32  3:43  Gateway  
  32  3:48  Probe  
  32  3:52  Probe  
  34  4:03  Forge, Probe  
  34  4:04  Probe, Blink  
  34  4:06  Pylon  
  36  4:25  Probe x2, Pylon  
  38  4:34  Pylon  
  38  4:35  Protoss Ground Weapons Level 1  
  38  4:37  Probe x2  
  38  4:38  Pylon  
  40  4:45  Probe  
  40  4:49  Probe  
  42  4:53  Probe  
  43  5:04  Photon Cannon  
  43  5:08  Photon Cannon  
  43  5:09  Probe  
  43  5:10  Probe  
  45  5:15  Assimilator  
  45  5:17  Assimilator  
  45  5:20  Stalker  
  47  5:21  Stalker  
  47  5:22  Probe x2  
  51  5:34  Probe x2  
  53  5:46  Probe x2  
  53  5:49  Stalker x4  
  63  6:00  Pylon  
  63  6:03  Pylon  
  63  6:25  Stalker  
  63  6:26  Stalker x6  
  65  6:56  Stalker  
  65  6:57  Stalker x6  
  53  7:32  Stalker x6  
  53  7:33  Stalker  
  51  8:20  Stalker x4  
  51  8:21  Stalker x3  
  65  8:32  Pylon  
  65  8:48  Stalker x2  
  65  8:49  Stalker x5  
  77  9:13  Stalker x5  
  77  9:14  Stalker x2  
Tags
 
Add a new tag
Caveats
  • Supply blocks, unpowered buildings, or Contaminate may cause inaccurate times.
  • Supply counts are checked every 10 seconds.